cohdb
Replays
Latest Replays
All Replays
Popular Replays
Top Player Replays
Match Explorer
How It Works
Community
CoH3 Stats
Reddit
Sign in to upload your games and track your stats! →
Sign in with Steam
Match 42312858
Unlisted
Match 42312858
Overview
Messages
Build Orders
End
Panzergrenadier Squad
Panzerpioneer Squad
Selects Panzerjäger Kommand Battlegroup
Selects Mine Fields
250 Light Carrier
Construct Light Support Kompanie
MG34 Team
Assault Grenadier Squad
Fire Support Elements
le.IG 18 Mechanized Group
Selects Defensive Positions
2.5-tonne Medical Truck
Flakvierling Half-track
Veteran Squad Leaders
Advanced Field Repairs
Selects Butterfly Bomb Drop
Butterfly Bomb Drop
Construct Panzerarmee Kommand
Selects Tank Busters
le.IG 18 Mechanized Group
Panzer III L Medium Tank
Selects GrB 39 Grenade Launcher Requisition
Selects Crew Shock Tactics
Pak 38 Anti-tank Gun Team
Tungsten Core Ammunition
Butterfly Bomb Drop
2.5-tonne Medical Truck
Pak 38 Mechanized Group
Panzer III L Medium Tank
Panzerpioneer Squad
Butterfly Bomb Drop
Butterfly Bomb Drop
Assault Grenadier Squad
Armored Reserves
Panzerpioneer Squad
Selects Anti-tank Overwatch
Tiger Heavy Tank
I am Foley 666
Hansi'(ツ)
宇杰
帝国の突撃隊
DannY Rand_02
WWWWWWWW
gUi
subbbb
0
0
Comments
sign in to comment!
No comments posted yet!